 Dungeon Crawl Stone Soup version 0.25-a0-285-gcba6f664f8 (webtiles) character file.

Game seed: 6120577441818579100, levelgen mode: deterministic

121 floatRand the Ruffian (level 5, -6/41 HPs)
             Began as a Ghoul Warper on Dec 11, 2019.
             Mangled by a worm (11 damage)
             ... on level 3 of the Dungeon.
             The game lasted 00:02:48 (2586 turns).

floatRand the Ruffian (Ghoul Warper)                Turns: 2586, Time: 00:02:49

Health: -6/41      AC:  3    Str: 15    XL:     5   Next: 5%
Magic:  6/6        EV: 11    Int:  8    God:
Gold:   91         SH:  0    Dex:  9    Spells: 2/7 levels left

rFire    . . .     SeeInvis .     - Unarmed
rCold    + . .     Gourm    .   (no shield)
rNeg     + + +     Faith    .   a - +0 leather armour
rPois    ∞         Spirit   .   (no helmet)
rElec    .         Reflect  .   (no cloak)
rCorr    .         Harm     .   (no gloves)
MR       .....                  (no boots)
Stlth    +.........             (no amulet)
HPRegen  0.00/turn              (no ring)
MPRegen  0.10/turn              (no ring)

@: rotting
A: rotting body, claws 1, carnivore, cold resistance 1, negative energy
resistance 3, inhibited regeneration, torment resistance, unbreathing
a: no special abilities


You were on level 3 of the Dungeon.
You were hungry.

You visited 1 branch of the dungeon, and saw 3 of its levels.

You collected 91 gold pieces.

Inventory:

Missiles
 d - 5 boomerangs of dispersal (quivered)
Armour
 a - a +0 leather armour (worn)
 r - a cursed +0 shield
Jewellery
 p - an uncursed amulet of the gourmand {unknown}
Wands
 n - a wand of digging (8)
 s - a wand of polymorph (11)
Scrolls
 c - 4 scrolls of blinking
 e - 2 scrolls of amnesia {unknown}
 h - 4 scrolls of identify {unknown}
 i - a scroll of magic mapping {unknown}
 k - a scroll of teleportation {unknown}
 m - a scroll of immolation {unknown}
 q - a scroll of remove curse {unknown}
Potions
 b - a potion of cancellation {unknown}
 g - a potion of heal wounds {unknown}
 j - a potion of agility {unknown}
 l - 2 potions of haste {unknown}
 o - 3 potions of brilliance {unknown}
Comestibles
 f - 2 rations


   Skills:
 - Level 2.1 Fighting
 - Level 0.8 Throwing
 - Level 0.8 Armour
 - Level 1.7 Dodging
 + Level 5.5 Unarmed Combat
 - Level 1.7 Spellcasting
 - Level 2.6 Translocations


You had 2 spell levels left.
You knew the following spells:

 Your Spells              Type           Power        Failure   Level  Hunger
a - Blink                 Tloc           N/A          22%         2    ###....
b - Lesser Beckoning      Tloc           #.........   41%         3    ####...

Your spell library contained the following spells:

 Spells                   Type           Power        Failure   Level  Hunger
 Shroud of Golubria       Chrm/Tloc      #.....       36%         2    ###....
 Magic Dart               Conj           #...         41%         1    ##.....
 Call Imp                 Summ           #.......     56%         2    ###....
 Slow                     Hex            #.......     56%         2    ###....
 Gell's Gravitas          Tloc           #.........   41%         3    ####...
 Teleport Other           Tloc           #.......     41%         3    ####...
 Conjure Flame            Conj/Fire      #.......     80%         3    ####...
 Mephitic Cloud           Conj/Pois/Air  #.......     80%         3    ####...
 Passage of Golubria      Tloc           N/A          83%         4    #####..


Dungeon Overview and Level Annotations

Branches:
Dungeon (3/15)

Altars:
Fedhas
Kikubaaqudgha
Wu Jian


Innate Abilities, Weirdness & Mutations

Your body is rotting away.
You thrive on raw meat.
You are immune to poison.
You have sharp fingernails.
You are carnivorous and can eat meat at any time.
Your flesh is cold resistant. (rC+)
You are immune to negative energy. (rN+++)
You do not regenerate when monsters are visible.
You are immune to unholy pain and torment.
You can survive without breathing.


Message History

You closely miss the kobold.
The kobold is severely wounded.
The kobold closely misses you.
You barely miss the kobold.
The kobold is severely wounded.
You claw the kobold!
You kill the kobold!
Unknown command.
You are feeling hungry.
You claw the worm!
The worm is heavily wounded.
The worm bites you.
* * * LOW HITPOINT WARNING * * *
You scratch the worm but do no damage.
The worm is heavily wounded.
Unknown command.
You scratch the worm but do no damage.
The worm is heavily wounded.
The worm bites you!
You die...

#######.#.......###
.......((......>'.#
#########.......####
..............#
###################.#
..w..........).# #.#
#.....########.# #.#
#....#).....##.####.#
#....+.........w@...#
#....#......##.######
#.._.+......'..#
######......####
#......# ########


You could see a worm.

Vanquished Creatures
  4 adders
  4 dart slugs
  3 leopard geckos
  5 orcs (D:3)
  2 ball pythons
  9 goblins
  9 hobgoblins
  A quokka (D:2)
  9 bats
  2 frilled lizards (D:1)
  11 kobolds
  10 rats
69 creatures vanquished.

Notes
Turn   | Place    | Note
-------+----------+-------------------------------------------
     0 | D:1      | floatRand the Ghoul Warper began the quest for the Orb.
     0 | D:1      | Reached XP level 1. HP: 17/17 MP: 2/2
   127 | D:1      | Reached skill level 3 in Unarmed Combat
   127 | D:1      | Reached XP level 2. HP: 6/24 MP: 3/3
   603 | D:1      | Reached XP level 3. HP: 19/29 MP: 4/4
  1175 | D:2      | Reached skill level 4 in Unarmed Combat
  1528 | D:2      | Reached XP level 4. HP: 15/36 MP: 5/5
  1736 | D:2      | Found an ancient bone altar of Kikubaaqudgha.
  1739 | D:2      | Found a blossoming altar of Fedhas.
  2073 | D:2      | Reached skill level 5 in Unarmed Combat
  2206 | D:2      | Learned a level 2 spell: Blink
  2210 | D:2      | Learned a level 3 spell: Lesser Beckoning
  2493 | D:3      | Found an ornate altar of the Wu Jian Council.
  2542 | D:3      | Reached XP level 5. HP: 15/41 MP: 6/6
  2586 | D:3      | Mangled by a worm

Levels and vault maps discovered:
D:1:      eino_arrival_cavern_e, layout_loops_ring
D:2:      layout_loops_cross, grunt_temple_overflow_growth_and_decay
D:3:      layout_basic, overflow_temple_1_default, first_ration

Skill      XL: |  1  2  3  4 |
---------------+-------------+-----
Unarmed Combat | 3 4 5 |  5.5
Fighting       | |  2.1
Throwing       | |  0.8
Armour         | |  0.8
Dodging        | |  1.7
Spellcasting   | |  1.7
Translocations | |  2.6

Action                   |  1- 3 |  4- 6 || total
-------------------------+-------+-------++-------
Melee: Unarmed           |   141 |    95 ||   236
       Punch             |     1 |     1 ||     2
  Eat: Chunk             |     3 |     2 ||     5
Armor: Leather armour    |    57 |    16 ||    73
Dodge: Dodged            |    92 |    51 ||   143

Table legend:
 A = Non-vault XP
 B = Vault XP
 C = Vault XP percentage of total XP
 D = Non-vault monster count
 E = Vault monster count
 F = Vault count percentage of total count
                 A         B        C        D         E       F
            +---------+---------+-------+---------+---------+-------
      Total |     173 |       0 |   0.0 |      69 |       0 |   0.0
            +---------+---------+-------+---------+---------+-------
        D:1 |      43 |       0 |   0.0 |      23 |       0 |   0.0
        D:2 |      73 |       0 |   0.0 |      30 |       0 |   0.0
        D:3 |      57 |       0 |   0.0 |      16 |       0 |   0.0
            +---------+---------+-------+---------+---------+-------
